AoeStats
← Heitzey

Arabia

503504081Analyzed
2v2 RM · 1mo ago on Sep 1, 2026· 52m 0s· 4 players
Game mode
Random Map
Map size
Medium (4 player)
Population
200
Speed
Normal
Resources
Standard
Victory
Conquest
Starting age
Dark Age
Ending age
Imperial Age
RankedLock teamsTeams togetherTeam positionsShared explorationLock speedFull tech treeHidden civsTurbo modeCheats
Victory
Defeat
🇨🇦 Armenians · Canada
948
+14
🇨🇦 Franks · Canada
891
+17
🇧🇷 Franks · Brazil
1012
-20
🇧🇷 Maya · Brazil
798
-11
Rocco
0:26 Loom
11:14 Feudal Age
11:46 Double-Bit Axe
17:33 Fletching
25:43 Castle Age
24:50 Padded Archer Armor
26:02 Crossbowman
26:04 Pikeman
30:38 Leather Archer Armor
30:18 Bodkin Arrow
31:11 Squires
36:04 Thumb Ring
42:09 Scale Mail Armor
42:19 Forging
45:59 Imperial Age
45:59 Halberdier
47:40 Conscription
Heitzey
10:21 Feudal Age
11:49 Double-Bit Axe
22:38 Gold Mining
25:33 Castle Age
24:33 Wheelbarrow
27:16 Bow Saw
29:05 Husbandry
29:19 Forging
29:15 Scale Barding Armor
31:30 Gold Shaft Mining
39:44 Stone Mining
45:37 Imperial Age
44:54 Iron Casting
44:40 Chain Barding Armor
46:08 Cavalier
48:39 Blast Furnace
Osama-Sama
6:20 Loom
10:53 Feudal Age
10:54 Man-at-Arms
11:31 Double-Bit Axe
11:38 Long Swordsman
13:33 Arson
16:43 Scale Mail Armor
16:53 Forging
17:25 Horse Collar
22:04 Castle Age
21:41 Gold Mining
23:55 Wheelbarrow
23:31 Bow Saw
22:46 Two-Handed Swordsman
23:11 Gambesons
24:13 Squires
24:31 Chain Mail Armor
26:36 Iron Casting
26:26 Town Watch
26:59 Hand Cart
29:08 Town Patrol
35:27 Pikeman
36:25 Halberdier
40:26 Imperial Age
39:06 Gold Shaft Mining
38:24 Stone Mining
39:57 Fletching
40:41 Onager
42:27 Ballistics
43:07 Chemistry
42:03 Murder Holes
42:19 Masonry
44:31 Plate Mail Armor
45:02 Blast Furnace
43:57 Bodkin Arrow
44:25 Fereters
43:51 Elite Composite Bowman
45:25 Padded Archer Armor
47:18 Conscription
49:08 Bracer
49:23 Leather Archer Armor
Sipahi
10:22 Feudal Age
8:41 Loom
10:48 Man-at-Arms
12:01 Double-Bit Axe
15:57 Loom
21:52 Castle Age
21:06 Scale Barding Armor
24:21 Gold Mining
24:23 Stone Mining
26:58 Fletching
27:17 Elite Skirmisher
28:28 Bow Saw
34:38 Padded Archer Armor
39:14 Imperial Age
37:03 Gold Mining
37:36 Husbandry
38:09 Town Watch
38:26 Bodkin Arrow
39:32 Wheelbarrow
39:37 Cavalier
40:47 Chivalry
41:09 Conscription
42:46 Illumination
43:21 Capped Ram
47:11 Hand Cart
46:53 Murder Holes
49:41 Paladin
Connection lost

Rejoining the realm…

Still unreachable

The connection could not be restored.

Session expired

The server has moved on; the page needs a fresh start.